 Dungeon Crawl Stone Soup version 0.23.2 (webtiles) character file.

Game seed: 7713071488882279224

210 Kairos the Cudgeler (level 5, 0/51 HPs)
             Began as a Gargoyle Monk on Apr 4, 2019.
             Slain by an orc priest
             ... wielding a +0 short sword
              (3 damage)
             ... on level 3 of the Dungeon.
             The game lasted 00:05:15 (2597 turns).

Kairos the Cudgeler (Gargoyle Monk)                 Turns: 2597, Time: 00:05:16

Health: 0/51       AC: 12    Str: 21    XL:     5   Next: 88%
Magic:  5/5        EV:  8    Int: 10    God:
Gold:   127        SH:  0    Dex: 12    Spells: 3/4 levels left

rFire    . . .     SeeInvis +   q - +0 whip
rCold    . . .     Gourm    .   (no shield)
rNeg     + . .     Faith    .   g - +0 chain mail
rPois    ∞         Spirit   .   (no helmet)
rElec    +         Reflect  .   (no cloak)
rCorr    +         Harm     .   (no gloves)
MR       .....                  (no boots)
Stlth    ..........             e - amulet of rage
HPRegen  0.17/turn              k - ring of see invisible
MPRegen  0.09/turn              v - ring of resist corrosion

@: berserking, very quick
A: negative energy resistance 1, electricity resistance, unbreathing,
petrification resistance, rot immunity, AC +4
a: Evoke Berserk Rage


You were on level 3 of the Dungeon.
You were hungry.

You visited 1 branch of the dungeon, and saw 3 of its levels.

You collected 127 gold pieces.

Inventory:

Hand Weapons
 a - a +0 mace
 f - a +0 hunting sling
 q - a +0 whip (weapon)
Armour
 b - a +0 robe
 g - a +0 chain mail (worn)
Jewellery
 e - an amulet of rage (around neck)
 k - a ring of see invisible (left hand)
 v - a ring of resist corrosion (right hand)
Scrolls
 d - a scroll of random uselessness {unknown}
 j - 2 scrolls of identify
 l - a scroll of teleportation {unknown}
 n - a scroll of amnesia {unknown}
 p - a scroll of fear {unknown}
 s - a scroll of magic mapping
 t - a scroll of immolation {unknown}
 u - 3 scrolls of remove curse
Potions
 h - a potion of haste
 i - 2 potions of mutation {unknown}
 m - a potion of magic {unknown}
 o - a potion of degeneration {unknown}
Comestibles
 c - 5 rations


   Skills:
 + Level 4.4 Fighting
 + Level 4.7 Maces & Flails
 + Level 2.6 Armour
 + Level 2.7 Dodging
 + Level 2.3 Stealth
 + Level 0.1 Evocations


You had 3 spell levels left.
You knew the following spells:

 Your Spells              Type           Power        Failure   Level  Hunger
a - Confusing Touch       Hex            #.....       98%         1    ##.....

Your spell library contained the following spells:

 Spells                   Type           Power        Failure   Level  Hunger
 Animate Skeleton         Necr           N/A          98%         1    ##.....
 Apportation              Tloc           #.....       98%         1    ##.....
 Summon Small Mammal      Summ           #...         98%         1    ##.....


Dungeon Overview and Level Annotations

Branches:
Dungeon (3/15)

Altars:
Gozag
Ru


Innate Abilities, Weirdness & Mutations

You are resistant to torment.
Your stone body is resilient. (AC +4)
You are immune to poison.
You resist negative energy. (rN+)
You are resistant to electric shocks. (rElec)
You can survive without breathing.
You are immune to petrification.
You are immune to rotting.


Message History

The orc barely misses you.
The orc priest calls down the wrath of Beogh upon you.
Beogh smites you!
The orc priest invokes the aid of Beogh against you.
Beogh smites you!
* * * LOW HITPOINT WARNING * * *
You hit the orc priest.
The orc priest is heavily wounded.
The orc closely misses you.
You whack the orc priest!
You kill the orc priest!
Your Armour skill increases to level 2!
The orc hits you but does no damage.
The orc priest invokes the aid of Beogh against you.
Pain shoots through your body!
* * * LOW HITPOINT WARNING * * *
The orc hits you but does no damage. The orc hits you but does no damage.
The orc priest hits you with a +0 short sword.
You die...

................# #.#.#
................# #...#
##..............# ##..#
#..............# #..#
#..............####..#
#...................>####
##############............
#..oo.........
#.o@.........#
#.o#########... #..o......
#.. #.....o... ..
#.......o. #.....o...
#.....oo.. #......o..
#.........


You could see an orc priest, an orc wizard and 2 orcs.

Vanquished Creatures
  2 orc priests (D:3)
  2 orc wizards (D:3)
  3 adders
  3 worms
  2 dart slugs (D:1)
  2 leopard geckos (D:2)
  4 orcs
  4 giant cockroaches
  7 goblins
  7 hobgoblins
  2 jackals (D:1)
  2 ball pythons
  2 bats (D:2)
  4 frilled lizards
  9 kobolds
  4 rats
59 creatures vanquished.

Notes
Turn   | Place    | Note
-------+----------+-------------------------------------------
     0 | D:1      | Kairos the Gargoyle Monk began the quest for the Orb.
     0 | D:1      | Reached XP level 1. HP: 14/14 MP: 1/1
    73 | D:1      | Reached XP level 2. HP: 20/20 MP: 2/2
   507 | D:1      | Reached XP level 3. HP: 24/24 MP: 3/3
  1196 | D:2      | Learned a level 1 spell: Confusing Touch
  1226 | D:2      | Reached skill level 1 in Armour
  1521 | D:2      | Reached XP level 4. HP: 24/29 MP: 4/4
  1937 | D:2      | Found an opulent altar of Gozag.
  2328 | D:3      | Reached XP level 5. HP: 34/34 MP: 5/5
  2555 | D:3      | Found a sacrificial altar of Ru.
  2597 | D:3      | Slain by an orc priest

Skill      XL: |  1  2  3  4  5 |
---------------+----------------+-----
Fighting       | 4 |  4.4
Armour         | 1 2 |  2.6
Maces & Flails | 4 |  4.7
Dodging        | |  2.7
Stealth        | |  2.3
Evocations     | |  0.1

Action                   |  1- 3 |  4- 6 || total
-------------------------+-------+-------++-------
Melee: Mace              |   113 |    64 ||   177
       Whip              |       |    51 ||    51
 Abil: Evoke Berserk Rag |     4 |     3 ||     7
  Use: Scroll            |     3 |       ||     3
       Potion            |     1 |       ||     1
  Eat: Chunk             |     2 |     6 ||     8
       Ration            |     1 |       ||     1
Armor: Robe              |     5 |       ||     5
       Chain mail        |    80 |   101 ||   181
Dodge: Dodged            |    87 |    38 ||   125
